Map: Atlas Station

Players

Jacob

  • Race: Protoss Protoss
  • Spawn Location: 6:00

DaReDeViL

  • Race: Protoss Protoss
  • Spawn Location: 9:00

Banks

  • Race: Terran Terran
  • Spawn Location: 3:00

LESTER - Winner!

  • Race: Terran Terran
  • League: Diamond
  • Spawn Location: 9:00

HellFire

  • Race: Zerg Zerg
  • Spawn Location: 6:00

Cyb

  • Race: Zerg Zerg
  • Spawn Location: 3:00

Frank

  • Race: Protoss Protoss
  • Spawn Location: 12:00

Snaut

  • Race: Protoss Protoss
  • League: Gold
  • Spawn Location: 12:00

VOD

Have the link to the VOD?

Description

Time

  • Played on: Jan. 30, 2016, 2:27 p.m.
  • Length: 72:58
Show
View Real Time Build Order
Export as new Build Order

Jacob Protoss 

Build Orders: Nexus First 

Get SALT Encoding   

  12  0:02  Probe (Chrono Boost)  
  13  0:13  Probe (Chrono Boost)  
  14  0:21  Pylon  
  14  0:25  Probe (Chrono Boost)  
  15  0:40  Probe (Chrono Boost)  
  16  0:50  Probe (Chrono Boost)  
  17  1:03  Nexus  
  17  1:12  Gateway  
  17  1:17  Assimilator  
  17  1:20  Probe (Chrono Boost)  
  18  1:28  Pylon  
  18  1:38  Probe (Chrono Boost)  
  18  1:39  Assimilator  
  19  1:48  Probe (Chrono Boost)  
  20  1:57  Pylon  
  20  2:02  Cybernetics Core  
  20  2:11  Forge  
  20  2:19  Probe (Chrono Boost)  
  22  2:23  Probe (Chrono Boost)  
  23  2:30  Probe (Chrono Boost)  
  23  2:33  Probe (Chrono Boost)  
  24  2:52  Pylon  
  24  3:04  Stargate  
  24  3:05  Stargate  
  24  3:08  Assimilator  
  24  3:09  Probe (Chrono Boost)  
  24  3:12  Assimilator  
  25  3:17  Photon Cannon  
  25  3:25  Photon Cannon  
  25  3:35  Probe (Chrono Boost)  
  25  3:39  Warp Gate  
  26  3:45  Probe (Chrono Boost)  
  27  3:49  Mothership Core (Chrono Boost)  
  29  3:56  Probe (Chrono Boost)  
  30  4:06  Probe (Chrono Boost)  
  30  4:07  Void Ray  
  35  4:11  Probe (Chrono Boost)  
  37  4:17  Probe (Chrono Boost)  
  37  4:30  Void Ray  
  41  4:37  Probe (Chrono Boost)  
  42  4:48  Pylon  
  42  4:52  Void Ray  
  46  5:18  Nexus  
  46  5:23  Pylon  
  46  5:26  Probe (Chrono Boost)  
  46  5:27  Probe (Chrono Boost)  
  48  5:36  Probe (Chrono Boost)  
  48  5:38  Probe (Chrono Boost)  
  50  5:47  Probe (Chrono Boost)  
  51  5:50  Probe (Chrono Boost)  
  52  5:57  Void Ray  
  52  6:01  Probe (Chrono Boost)  
  57  6:06  Void Ray  
  57  6:11  Probe (Chrono Boost)  
  62  6:14  Probe (Chrono Boost)  
  63  6:21  Probe (Chrono Boost)  
  63  6:24  Probe (Chrono Boost)  
  65  6:38  Probe (Chrono Boost), Protoss Air Weapons Level 1 (Chrono Boost)  
  66  6:41  Probe (Chrono Boost)  
  66  6:46  Void Ray (Chrono Boost)  
  71  6:48  Probe (Chrono Boost)  
  71  6:49  Void Ray (Chrono Boost)  
  71  6:52  Probe (Chrono Boost)  
  77  6:57  Probe, Protoss Shields Level 1  
  78  7:05  Probe  
  78  7:08  Probe  
  79  7:12  Assimilator  
  79  7:14  Assimilator  
  80  7:18  Probe x2, Photon Cannon  
  80  7:19  Photon Cannon  
  82  7:27  Pylon  
  82  7:30  Probe  
  82  7:31  Photon Cannon  
  82  7:33  Photon Cannon  
  83  7:52  Stargate  
  83  7:56  Gateway x2  
  83  7:57  Gateway  
  83  8:11  Fleet Beacon  
  83  8:18  Robotics Facility  
  83  8:20  Pylon  
  83  8:25  Twilight Council  
  83  8:32  Probe  
  84  8:40  Protoss Air Armor Level 1  
  84  8:51  Void Ray (Chrono Boost)  
  96  8:57  Void Ray x2 (Chrono Boost)  
  96  9:17  Observer  
  97  9:37  Stargate  
  97  9:38  Tempest (Chrono Boost)  
  105  9:43  Tempest (Chrono Boost)  
  105  9:44  Tempest (Chrono Boost)  
  109  9:49  Pylon  
  109  9:53  Pylon  
  109  10:02  Pylon  
  109  10:04  Protoss Ground Weapons Level 1  
  109  10:06  Pylon  
  110  10:07  Observer  
  110  10:09  Pylon  
  110  10:13  Pylon  
  116  10:16  Protoss Air Weapons Level 2, Nexus  
  116  10:20  Pylon  
  116  10:23  Pylon  
  116  10:25  Pylon  
  116  10:28  Observer, Pylon  
  117  10:32  Tempest (Chrono Boost), Pylon  
  133  10:38  Tempest x3 (Chrono Boost)  
  132  10:56  Nexus  
  132  11:10  Photon Cannon  
  132  11:12  Photon Cannon  
  132  11:17  Tempest (Chrono Boost)  
  148  11:21  Tempest (Chrono Boost)  
  148  11:22  Tempest (Chrono Boost)  
  148  11:23  Tempest (Chrono Boost)  
  148  11:44  Robotics Bay  
  152  11:54  Tempest (Chrono Boost)  
  158  12:03  Tempest (Chrono Boost)  
  158  12:05  Tempest (Chrono Boost)  
  155  12:14  Protoss Air Armor Level 2  
  159  12:16  Protoss Ground Armor Level 1  
  159  12:17  Tempest (Chrono Boost)  
  159  12:48  Tempest (Chrono Boost)  
  167  12:53  Tempest (Chrono Boost)  
  167  13:10  Gravitic Drive  
  171  13:24  Tempest (Chrono Boost)  
  171  13:45  Assimilator  
  171  13:50  Assimilator  
  171  13:55  Photon Cannon  
  171  13:56  Photon Cannon  
  171  13:59  Pylon  
  171  14:01  Pylon  
  171  14:06  Pylon  
  171  14:10  Nexus  
  171  14:29  Photon Cannon  
  171  14:31  Photon Cannon  
  171  14:33  Photon Cannon  
  171  14:35  Photon Cannon  
  171  14:37  Photon Cannon  
  171  14:39  Pylon  
  171  14:41  Pylon  
  171  14:46  Pylon  
  171  14:50  Pylon, Assimilator  
  171  14:53  Pylon  
  171  14:55  Assimilator  
  171  14:57  Pylon  
  167  15:20  Probe  
  164  15:23  Probe  
  166  15:31  Probe  
  166  15:33  Observer Gravitic Boosters  
  166  15:34  Probe  
  167  15:36  Probe  
  167  15:40  Probe  
  167  15:41  Probe  
  170  15:44  Tempest (Chrono Boost)  
  170  15:45  Probe  
  170  15:48  Probe  
  177  15:50  Protoss Shields Level 2 (Chrono Boost)  
  177  15:55  Probe  
  178  16:06  Stalker x4  
  186  16:17  Cybernetics Core  
  178  17:04  Tempest x4  
  194  17:10  Protoss Air Weapons Level 3  
  194  17:18  Pylon  
  194  17:19  Pylon  
  194  17:25  Gateway  
  193  17:30  Pylon  
  185  17:53  Nexus  
  137  18:15  Stalker x2  
  137  18:16  Stalker  
  134  18:38  Mothership Core  
  135  18:54  Tempest  
  135  18:55  Tempest x3  
  145  19:06  Probe  
  146  19:10  Probe  
  146  19:16  Probe  
  147  19:20  Probe  
  155  19:27  Probe  
  156  19:37  Probe, Tempest x2  
  162  19:48  Probe  
  163  19:59  Tempest x2  
  169  20:20  Tempest x2  
  176  20:36  Protoss Air Armor Level 3 (Chrono Boost)  
  158  21:12  Tempest x4  
  174  21:45  Forge  
  174  21:52  Nexus  
  174  21:55  Tempest  
  178  22:04  Mothership Core  
  178  22:06  Tempest  
  188  23:38  Observer  
  188  23:39  Tempest x2  
  157  23:59  Observer  
  160  24:31  Mothership Core  
  148  25:38  Phoenix x4  
  135  26:03  Phoenix x4  
  135  26:53  Nexus  
  135  26:56  Pylon  
  135  27:00  Phoenix x3  
  125  27:07  Stalker x3  
  125  27:08  Stalker  
  49  27:32  Stalker x2  
  21  28:03  Probe  
Show
View Real Time Build Order
Export as new Build Order

DaReDeViL Protoss 

Build Orders:  

Get SALT Encoding   

  12  0:03  Probe (Chrono Boost)  
  13  0:26  Pylon  
  13  0:30  Pylon  
  13  0:34  Probe (Chrono Boost)  
  14  0:45  Probe (Chrono Boost)  
  15  1:04  Probe (Chrono Boost)  
  15  1:05  Assimilator  
  16  1:15  Probe (Chrono Boost)  
  17  1:21  Gateway  
  18  1:25  Probe (Chrono Boost)  
  18  1:26  Assimilator  
  18  1:36  Probe (Chrono Boost)  
  19  1:49  Nexus  
  19  2:09  Probe (Chrono Boost)  
  20  2:22  Cybernetics Core  
  20  2:29  Pylon  
  20  2:32  Pylon  
  20  2:47  Probe (Chrono Boost)  
  21  2:53  Zealot  
  23  3:15  Forge  
  23  3:20  Stalker  
  25  3:31  Mothership Core (Chrono Boost)  
  27  3:38  Probe (Chrono Boost)  
  29  3:48  Probe (Chrono Boost)  
  29  3:49  Protoss Ground Weapons Level 1  
  29  3:50  Stalker  
  31  3:59  Probe (Chrono Boost)  
  32  4:09  Probe (Chrono Boost)  
  33  4:17  Assimilator  
  33  4:20  Stalker, Probe (Chrono Boost)  
  33  4:22  Assimilator  
  36  4:30  Probe (Chrono Boost)  
  37  4:41  Probe (Chrono Boost)  
  38  4:50  Stalker  
  38  4:51  Probe (Chrono Boost)  
  41  4:54  Gateway  
  41  4:59  Stargate  
  41  5:15  Probe (Chrono Boost)  
  41  5:20  Stalker  
  44  5:26  Probe (Chrono Boost)  
  45  5:31  Warp Gate  
  45  5:36  Probe (Chrono Boost)  
  46  5:45  Sentry  
  48  5:50  Stalker  
  48  5:52  Probe (Chrono Boost)  
  51  6:02  Probe (Chrono Boost)  
  52  6:11  Stalker  
  54  6:13  Probe (Chrono Boost)  
  55  6:23  Probe (Chrono Boost)  
  58  6:27  Stalker  
  58  6:34  Probe (Chrono Boost)  
  59  6:41  Stalker, Pylon  
  59  6:46  Pylon  
  61  6:59  Stalker  
  63  7:11  Stalker  
  63  7:14  Void Ray  
  69  7:21  Pylon  
  69  7:24  Pylon  
  71  7:56  Stalker, Void Ray  
  75  8:29  Stalker  
  77  8:38  Stalker  
  77  8:39  Void Ray  
  83  8:43  Protoss Air Weapons Level 1  
  83  8:46  Protoss Shields Level 1  
  83  10:02  Void Ray  
  83  10:06  Stalker  
  89  10:15  Pylon  
  89  10:18  Pylon  
  89  10:37  Protoss Air Armor Level 1  
  89  10:40  Protoss Ground Armor Level 1  
  89  10:44  Stalker, Void Ray  
  95  11:27  Void Ray  
  99  11:52  Fleet Beacon  
  99  12:01  Robotics Facility  
  97  13:04  Twilight Council  
  95  13:18  Carrier  
  101  13:26  Graviton Catapult  
  101  13:30  Immortal  
  105  13:44  Pylon  
  105  13:56  Pylon  
  105  14:02  Pylon  
  105  14:09  Immortal  
  115  14:22  Nexus  
  115  14:41  Stalker  
  117  14:46  Stalker  
  117  14:49  Immortal (Chrono Boost)  
  123  14:57  Blink  
  127  15:47  Immortal (Chrono Boost)  
  127  15:54  Assimilator  
  127  15:57  Assimilator  
  127  16:00  Pylon  
  127  16:05  Pylon  
  129  16:26  Immortal (Chrono Boost)  
  49  17:14  Void Ray (Chrono Boost)  
  49  17:22  Stalker  
  51  17:55  Void Ray (Chrono Boost)  
  55  18:05  Stargate  
  55  18:07  Stargate  
  55  18:21  Adept  
  55  18:23  Resonating Glaives  
  57  18:32  Void Ray (Chrono Boost)  
  61  18:34  Photon Cannon  
  61  18:47  Mothership Core  
  63  18:55  Photon Cannon  
  63  19:05  Void Ray (Chrono Boost)  
  63  19:08  Void Ray x2 (Chrono Boost)  
  75  19:14  Protoss Air Weapons Level 2 (Chrono Boost)  
  75  19:40  Void Ray  
  75  19:49  Void Ray  
  89  19:58  Adept  
  91  20:17  Void Ray  
  91  20:25  Adept  
  97  20:32  Void Ray  
  90  21:14  Void Ray  
  28  22:19  Assimilator  
  26  23:21  Forge  
  26  23:31  Pylon  
  26  23:35  Pylon  
  26  24:29  Gateway  
  26  25:07  Probe  
  27  25:17  Probe  
  15  26:43  Pylon  
  15  26:47  Pylon  
  15  26:56  Nexus  
  15  27:03  Pylon  
  15  27:05  Pylon  
  15  27:15  Assimilator  
  15  28:13  Forge  
  15  28:21  Gateway  
Show
View Real Time Build Order
Export as new Build Order

Banks Terran 

Build Orders:  

Get SALT Encoding   

  12  0:03  SCV  
  13  0:15  SCV  
  14  0:24  Supply Depot  
  14  0:27  SCV  
  15  0:46  SCV  
  16  0:51  Barracks  
  16  0:58  SCV  
  16  1:02  Barracks  
  17  1:16  Barracks  
  17  1:18  SCV  
  18  1:26  Refinery  
  18  1:40  SCV  
  18  1:43  Marine  
  19  1:55  Refinery  
  19  1:58  Marine  
  19  2:01  Marine  
  17  2:15  Supply Depot  
  17  2:16  Marine  
  17  2:19  Marine  
  18  2:29  SCV  
  19  2:34  Marine  
  19  2:45  Barracks Tech Lab  
  18  3:00  Supply Depot  
  18  3:11  Marine, Marauder  
  21  3:24  Marine  
  22  3:29  Marine  
  22  3:32  Marauder  
  25  3:37  Orbital Command  
  25  3:42  Marine  
  21  3:55  Barracks Tech Lab  
  20  4:09  Marauder  
  22  4:26  Marauder  
  22  4:31  Marauder  
  26  4:33  Supply Depot  
    6:26  Orbital Command  
    6:53  SCV  
  1  7:02  Marine  
  1  7:05  SCV  
  1  7:06  Barracks Tech Lab  
  3  7:17  SCV  
  3  7:19  Factory  
  4  7:29  SCV  
  5  7:38  Bunker  
  5  7:41  SCV  
  6  7:50  Refinery  
  6  7:53  SCV  
  6  7:57  Marine  
  8  8:05  SCV  
  9  8:17  SCV  
  10  8:29  SCV  
  11  8:41  SCV  
  11  8:45  Supply Depot  
  12  8:53  SCV  
  13  9:03  Ghost Academy  
  13  9:06  SCV  
Show
View Real Time Build Order
Export as new Build Order

LESTER Terran - Winner!

Build Orders: MMM Bio 

Get SALT Encoding   

  12  0:01  SCV  
  13  0:13  SCV  
  14  0:25  Supply Depot  
  14  0:27  SCV  
  15  0:46  SCV  
  16  0:52  Barracks  
  16  0:58  SCV  
  16  1:00  Barracks  
  17  1:05  Supply Depot  
  17  1:10  Barracks  
  17  1:13  SCV  
  18  1:25  Supply Depot  
  18  1:27  SCV  
  19  1:38  Marine  
  20  1:41  Orbital Command  
  20  1:52  Marine  
  21  2:00  Marine  
  22  2:04  Marine  
  23  2:08  Refinery  
  23  2:09  SCV  
  23  2:10  Marine  
  23  2:14  Supply Depot  
  25  2:17  Marine  
  25  2:22  Marine  
  27  2:28  SCV, Marine  
  29  2:35  Marine  
  30  2:40  Marine  
  30  2:41  SCV  
  32  2:47  Marine  
  33  2:53  SCV, Marine  
  33  2:54  Bunker  
  33  2:58  Marine  
  32  3:08  Marine  
  32  3:10  SCV  
  32  3:11  Marine  
  35  3:16  Marine  
  35  3:22  SCV  
  36  3:27  Supply Depot  
  36  3:33  Command Center  
  36  3:39  SCV  
  36  3:40  Marine x2  
  39  3:48  Marine  
  40  4:07  Command Center  
  40  4:08  SCV  
  40  4:09  Bunker  
  40  4:11  Engineering Bay  
  40  4:16  Marine x3  
  43  4:20  SCV  
  44  4:35  SCV  
  45  4:38  Terran Infantry Weapons Level 1, Refinery  
  45  4:48  SCV, Missile Turret  
  45  4:50  Missile Turret  
  46  4:56  Barracks Tech Lab  
  46  4:57  Barracks Reactor  
  46  5:03  SCV  
  46  5:07  Supply Depot  
  47  5:12  Orbital Command  
  47  5:19  Engineering Bay  
  47  5:20  Barracks Reactor, Marine  
  48  5:23  SCV  
  49  5:29  Orbital Command  
  49  5:33  Missile Turret  
  49  5:35  Stimpack, Marine x2  
  50  5:38  SCV, Orbital Command  
  50  5:42  Missile Turret  
  52  5:43  Supply Depot  
  52  5:47  SCV  
  53  5:50  Refinery  
  53  5:51  Refinery  
  53  5:57  SCV  
  53  5:59  SCV  
  55  6:11  SCV  
  56  6:18  Marine x3  
  57  6:19  Marine x2  
  57  6:20  Terran Infantry Armor Level 1  
  57  6:23  SCV  
  57  6:25  SCV, Factory  
  62  6:28  SCV  
  64  6:35  SCV  
  65  6:40  SCV, Marine x2  
  65  6:41  Marine x3  
  65  6:43  SCV  
  72  6:47  SCV  
  72  6:52  SCV  
  74  6:55  SCV  
  74  6:58  Marine x2  
  74  6:59  SCV, Marine  
  78  7:04  SCV  
  78  7:07  SCV  
  80  7:11  SCV  
  81  7:19  SCV  
  76  7:32  SCV, Marine  
  76  7:33  Marine  
  76  7:34  Factory Tech Lab  
  73  7:39  Starport x2  
  73  7:41  Armory  
  73  7:43  Neosteel Frame  
  70  7:44  SCV  
  70  7:45  Marine x3  
  70  7:46  Combat Shields  
  70  7:50  Marine x2  
  70  7:51  SCV  
  77  7:57  SCV x2  
  79  8:03  SCV, Marine x2  
  82  8:10  Command Center  
  82  8:12  Siege Tank  
  85  8:15  SCV  
  85  8:16  SCV  
  85  8:17  Command Center  
  85  8:18  Supply Depot  
  85  8:19  Command Center  
  87  8:22  Supply Depot, Starport Tech Lab, Starport Reactor  
  87  8:28  SCV  
  87  8:29  Starport  
  87  8:33  Missile Turret  
  88  8:34  Terran Vehicle And Ship Armor Level 1  
  88  8:35  Missile Turret  
  88  8:38  Armory, Terran Infantry Weapons Level 2  
  88  8:41  Marine x3  
  89  8:42  Marine x2  
  89  8:43  Medivac  
  89  8:47  Siege Tank  
  98  9:00  Medivac x2  
  102  9:03  Supply Depot  
  102  9:08  SCV, Refinery x2  
  103  9:19  Marine x2  
  103  9:20  Marine x3  
  103  9:21  Starport Tech Lab  
  103  9:22  Medivac  
  110  9:26  High Capacity Fuel Tanks  
  110  9:28  Terran Infantry Armor Level 2  
  110  9:30  Missile Turret  
  110  9:31  Missile Turret  
  110  9:37  SCV, Marine x2  
  110  9:38  SCV, Marine  
  114  9:44  Orbital Command  
  115  9:48  Missile Turret  
  115  9:49  SCV  
  115  9:50  SCV  
  117  9:53  Marine x2  
  117  9:54  Marine  
  117  9:55  Marine  
  117  9:56  Missile Turret x2, Marine  
  117  9:58  Fusion Core  
  122  10:00  Supply Depot  
  122  10:01  Medivac  
  122  10:03  Raven  
  122  10:05  Medivac  
  128  10:08  Missile Turret  
  128  10:11  Marine x2  
  128  10:12  Marine  
  128  10:13  Marine  
  128  10:14  Planetary Fortress, Marine  
  133  10:21  Command Center  
  133  10:27  Planetary Fortress  
  133  10:29  Refinery  
  133  10:33  Supply Depot  
  133  10:36  Missile Turret  
  133  10:37  Terran Ship Weapons Level 1  
  133  10:39  Medivac  
  135  10:55  Refinery, Missile Turret  
  135  11:34  Marine  
  135  11:35  Marine x4  
  137  11:52  Marine x4  
  141  12:02  Battlecruiser x2  
  141  12:07  Terran Vehicle And Ship Armor Level 2  
  153  12:08  Terran Infantry Weapons Level 3, Terran Infantry Armor Level 3  
  153  12:09  Starport x2  
  153  12:11  Starport  
  153  12:19  Refinery  
  153  12:20  SCV  
  154  12:26  Missile Turret  
  154  12:32  SCV  
  154  12:33  Barracks x2  
  154  12:34  Marine x5  
  154  12:36  Supply Depot  
  154  12:37  Barracks x2  
  160  12:44  Missile Turret  
  160  12:47  Missile Turret  
  160  12:51  Marine  
  160  12:52  Marine x2  
  163  13:02  Terran Ship Weapons Level 2  
  163  13:04  Starport Tech Lab  
  163  13:05  Missile Turret, Starport Tech Lab x2  
  163  13:07  Battlecruiser  
  163  13:08  Battlecruiser  
  175  13:15  Siege Tank  
  178  13:20  Starport Tech Lab  
  178  13:25  Missile Turret  
  178  13:45  Missile Turret  
  174  14:10  Battlecruiser  
  174  14:11  Battlecruiser  
  174  14:12  Battlecruiser  
  192  14:17  Battlecruiser  
  192  14:23  Orbital Command  
  198  14:27  Weapon Refit  
  198  14:29  Terran Vehicle And Ship Armor Level 3  
  198  14:36  Refinery  
  198  14:45  Building Armor, Hi-Sec Auto Tracking  
  198  15:10  Behemoth Reactor  
  198  15:27  Barracks Reactor  
  198  15:28  Barracks Reactor x3  
  198  15:46  Missile Turret  
  198  15:47  Missile Turret  
  198  15:48  Command Center  
  198  15:50  Missile Turret  
  175  16:29  Marine x5  
  175  16:31  Battlecruiser  
  175  16:32  Battlecruiser x3  
  174  16:46  Marine  
  166  16:47  Missile Turret, Marine x3  
  166  17:33  Command Center  
  166  17:38  Command Center  
  166  17:45  Medivac x2  
  166  17:46  Medivac  
  166  17:47  Medivac x2  
  176  18:13  Command Center  
  176  18:35  Terran Ship Weapons Level 3  
  176  18:50  Battlecruiser x2  
  176  18:51  Battlecruiser x2  
  176  18:54  Planetary Fortress  
  200  19:15  Missile Turret  
  200  19:21  Command Center  
  200  19:35  Command Center  
  200  19:37  Command Center  
  200  19:55  Command Center  
  200  20:11  Terran Vehicle Weapons Level 1  
  199  20:50  Missile Turret  
  195  21:07  Missile Turret  
  161  21:32  Battlecruiser  
  173  21:33  Battlecruiser x5  
  197  21:47  Planetary Fortress  
  197  21:49  Planetary Fortress  
  197  21:53  Planetary Fortress, Missile Turret  
  197  22:06  Planetary Fortress  
  197  22:10  Refinery x2  
  197  22:14  Missile Turret  
  197  22:36  Missile Turret  
  179  22:55  Battlecruiser x5  
  179  22:56  Missile Turret  
  197  23:10  Refinery  
  197  23:11  Refinery x2  
  197  23:13  Missile Turret x2  
  197  23:16  Missile Turret x2  
  197  23:27  Refinery  
  141  23:54  Marine x5  
  104  23:59  Marine x8  
  104  24:01  Medivac x2  
  118  24:11  Marine  
  118  24:12  Marine x4  
  118  24:16  Marine  
  124  24:17  Marine x7  
  129  24:29  Marine  
  129  24:30  Marine x4  
  134  24:34  Marine  
  134  24:35  Marine x7  
  142  24:47  Marine x2  
  142  24:48  Marine x2  
  142  24:52  Marine x3  
  148  24:53  Marine x5  
  152  25:02  Factory  
  152  25:04  Barracks  
  154  25:10  Marine x3  
  152  25:24  Engineering Bay  
  152  26:02  Supply Depot x4  
  152  26:03  Supply Depot  
  152  26:04  Supply Depot  
  146  26:34  Marine x8  
  146  26:37  Barracks Reactor, Starport  
  124  26:51  Marine  
  124  26:52  Marine x7  
  132  27:09  Marine  
  132  27:10  Marine x7  
  132  27:11  Starport  
  132  27:15  Starport Tech Lab  
  140  27:18  Starport  
  140  27:21  Starport  
  140  27:22  Starport  
  140  27:23  Starport  
  140  27:24  Starport  
  140  27:27  Starport, Marine  
  140  27:28  Marine x7, Orbital Command  
  140  27:29  Starport  
  148  27:45  Marine x4  
  148  27:46  Marine x4  
  156  27:52  Refinery  
  156  27:59  Factory Tech Lab  
  156  28:00  Starport Tech Lab  
  156  28:01  Starport Tech Lab x2  
  156  28:02  Starport Tech Lab x2  
  156  28:03  Starport Tech Lab, Marine x7  
  163  28:20  Starport Tech Lab  
  163  28:27  Fusion Core  
  163  28:38  Marine  
  163  28:39  Marine x7  
  163  28:40  Liberator  
  171  28:41  Liberator x2  
  171  28:53  Medivac  
  171  28:54  Medivac x2  
  177  28:56  Marine, Medivac  
  177  28:57  Marine x7  
  196  29:03  Supply Depot  
  196  29:13  Missile Turret  
  196  29:14  Marine  
  196  29:15  Marine  
  198  29:25  Marine x2  
  200  29:33  Missile Turret  
  200  29:37  Liberator  
  200  29:40  Marine  
  200  29:42  Marine x3  
  200  29:58  Marine, Liberator  
  200  29:59  Marine x2  
  184  30:03  Marine x5  
  190  30:11  Planetary Fortress  
  190  30:14  Battlecruiser  
  190  30:16  Advanced Ballistics, Marine  
  190  30:17  Marine  
  200  30:40  Command Center  
  139  31:22  Liberator  
  139  31:23  Marine x4, Liberator x2  
  139  31:24  Liberator, Marine x4  
  139  31:25  Liberator x2  
  134  31:26  Liberator  
  132  31:41  Marine x8  
  132  31:44  Battlecruiser  
  167  31:47  Siege Tank  
  167  31:50  SCV  
  168  31:59  Marine x8  
  176  32:03  SCV  
  176  32:05  Liberator x2  
  176  32:06  Liberator  
  176  32:07  Liberator  
  177  32:15  SCV  
  178  32:16  Marine  
  178  32:17  Marine x2  
  178  32:18  Marine  
  178  32:19  Marine x4  
  178  32:20  Barracks  
  189  32:27  SCV  
  199  32:34  Marine  
  199  32:35  Marine x2  
  199  32:36  Marine x2  
  199  32:37  Marine  
  192  32:52  Marine x2  
  192  32:53  SCV  
  192  32:54  Marine  
  187  33:05  SCV  
  176  33:17  SCV  
  177  33:22  Medivac  
  177  33:23  Medivac x3  
  185  33:29  SCV  
  186  33:41  SCV  
  187  34:09  Battlecruiser x2  
  163  34:53  Marine x3  
  163  34:54  Barracks Reactor, Marine x5  
  164  35:00  SCV  
  165  35:09  Battlecruiser x2  
  165  35:10  Battlecruiser  
  165  35:11  Battlecruiser, Marine x7  
  165  35:12  SCV, Marine  
  183  35:22  Orbital Command  
  183  35:24  SCV  
  183  35:29  Marine x2  
  184  35:36  SCV  
  184  35:40  Battlecruiser  
  191  35:48  Supply Depot  
  191  35:51  Battlecruiser x2  
  185  36:08  Marine x8  
  185  36:10  Marine x2  
  194  36:20  Command Center  
  194  36:23  Planetary Fortress  
  194  36:26  Marine x6  
  198  36:43  Marine  
  198  36:44  Marine x3  
  152  37:01  Marine  
  152  37:02  Marine x6  
  152  37:03  Marine x3  
  152  37:04  Battlecruiser x2  
  152  37:05  Battlecruiser  
  152  37:06  Battlecruiser x2  
  152  37:07  Starport Reactor  
  180  37:19  Marine  
  180  37:20  Marine x6  
  181  37:34  Battlecruiser  
  181  37:35  Battlecruiser, Marine  
  181  37:36  Marine  
  195  37:43  Missile Turret  
  195  37:50  Refinery  
  195  37:52  Refinery  
  195  37:53  Marine  
  195  37:54  Command Center  
  195  37:55  Command Center  
  195  38:16  Raven  
  196  38:44  Marine x3  
  196  38:45  Marine  
  140  40:03  Liberator x2  
  140  40:04  Liberator  
  140  40:16  Marine x5  
  140  40:17  Marine x5  
  140  40:18  Medivac x3  
  140  40:19  Medivac  
  161  40:34  Orbital Command, Marine x10  
  147  40:52  Marine x6  
  130  42:11  Liberator  
  130  42:14  Marine  
  130  42:15  Marine x9  
  128  42:32  Marine  
  128  42:33  Marine x9  
  138  42:43  Orbital Command  
  135  42:50  Marine x5  
  135  42:51  Marine x2  
  133  43:40  Liberator x3  
  133  43:58  Medivac  
  133  43:59  Marine x10  
  154  44:16  Marine  
  155  44:17  Marine x6  
  161  44:49  Marine  
  104  45:58  Siege Tank  
  104  46:02  Marine x4  
  104  46:03  Marine x6  
  117  46:20  Marine x4  
  121  46:30  Siege Tank  
  118  47:42  Siege Tank  
  121  48:04  Orbital Command  
  121  48:58  Orbital Command  
  74  52:14  Liberator  
  74  52:22  Orbital Command  
  49  58:59  Orbital Command  
  49  59:45  Medivac  
  44  62:18  SCV  
  45  62:30  SCV  
  46  62:58  Marine  
  46  62:59  Marine x4  
  46  63:00  Marine x2  
  46  63:01  Marine x2  
  50  64:45  Marine  
  51  64:46  Marine x9  
  60  65:49  SCV  
  61  65:55  Refinery  
  61  66:01  SCV  
  62  66:04  Marine  
  62  66:05  Marine x9  
  72  67:18  SCV  
  73  67:58  Orbital Command  
  73  68:42  Medivac  
  75  69:15  Marine x3  
  75  69:16  Marine x7  
  85  69:33  Marine x2  
  87  69:41  Marine  
  87  69:42  Marine x7  
  95  69:51  Marine x2  
  97  69:59  Marine x3  
Show
View Real Time Build Order
Export as new Build Order

HellFire Zerg 

Build Orders: Pool First 

Get SALT Encoding   

  12  0:02  Drone  
  13  0:08  Drone  
  14  0:28  Spawning Pool  
  14  0:31  Drone  
  14  0:34  Extractor  
  13  0:37  Drone  
  13  0:42  Extractor  
  13  0:43  Drone  
  15  0:50  Overlord  
  15  0:59  Overlord  
  15  1:15  Zergling x2  
  15  1:16  Zergling x2  
  17  1:23  Queen  
  19  1:30  Zergling x2  
  20  1:39  Zergling x2  
  18  2:18  Zergling x6  
  20  2:30  Zergling x2  
  21  2:39  Baneling Nest  
  21  2:42  Hatchery  
  19  2:47  Metabolic Boost  
  17  2:56  Zergling x2  
  17  2:57  Zergling x2  
  18  3:01  Drone x3  
  21  3:10  Zergling x2  
  22  3:13  Queen  
  24  3:20  Zergling x2  
  24  3:24  Baneling x2  
  25  3:27  Baneling  
  25  3:28  Zergling x2  
  25  3:29  Zergling x2  
  25  3:31  Drone  
  28  3:42  Drone x2  
  27  3:52  Baneling x3  
  27  3:59  Drone x4  
  31  4:10  Zergling x6  
  34  4:19  Zergling x4  
  36  4:27  Overlord x2  
  34  4:40  Zergling x4  
  35  4:54  Zergling x10  
  35  4:55  Zergling x6  
  35  4:58  Drone x2  
  44  5:02  Drone  
  43  5:12  Drone x2  
  45  5:15  Drone  
  46  5:25  Drone x3  
  46  5:26  Drone x2  
  51  5:37  Overlord  
  51  5:44  Overlord  
  51  5:48  Hatchery  
  50  5:50  Drone  
  50  5:55  Roach Warren  
  50  5:56  Drone  
  50  5:57  Drone  
  52  5:59  Extractor  
  51  6:10  Drone  
  51  6:11  Drone x6  
  58  6:30  Drone  
  58  6:31  Drone x5  
  64  6:38  Drone  
  64  6:39  Drone x2  
  67  6:44  Hatchery  
  66  6:48  Drone  
  66  6:49  Overlord x2  
  66  6:50  Overlord  
  67  7:03  Drone x4  
  67  7:06  Baneling x2  
  67  7:07  Baneling x2  
  67  7:08  Baneling x2  
  71  7:09  Drone x2  
  73  7:22  Hatchery, Lair  
  72  7:23  Extractor  
  72  7:25  Roach x4  
  79  7:48  Extractor  
  79  7:50  Lair  
  78  7:55  Drone  
  78  7:56  Drone x8  
  78  7:57  Evolution Chamber  
  78  7:58  Evolution Chamber  
  85  7:59  Extractor  
  85  8:00  Extractor  
  83  8:12  Queen x2  
  87  8:28  Drone x2  
  87  8:29  Drone x9  
  98  8:36  Zerg Missile Weapons Level 1, Zerg Ground Armor Level 1  
  98  8:38  Hatchery, Glial Reconstitution  
  98  8:39  Evolution Chamber  
  98  8:41  Roach  
  98  8:48  Queen x2  
  102  8:57  Drone  
  102  8:58  Drone x7  
  102  9:01  Overlord x2  
  102  9:02  Overlord, Extractor x2  
  108  9:03  Overlord  
  108  9:16  Extractor  
  107  9:21  Extractor  
  106  9:25  Spire, Zerg Melee Weapons Level 1  
  106  9:26  Drone  
  106  9:27  Drone x10, Spire  
  115  9:31  Drone  
  115  9:32  Drone x3  
  119  9:52  Drone x11  
  130  9:53  Drone x2  
  130  9:58  Drone x2  
  130  9:59  Drone x2  
  135  10:00  Drone  
  136  10:11  Pneumatized Carapace  
  136  10:13  Centrifical Hooks  
  136  10:30  Drone x11  
  147  10:38  Extractor  
  147  10:39  Extractor  
  145  10:48  Mutalisk  
  145  10:49  Mutalisk x2  
  146  10:57  Overlord x7  
  140  11:09  Spore Crawler  
  140  11:11  Spore Crawler x2  
  138  11:13  Spore Crawler x3  
  138  11:14  Overlord x7, Spore Crawler x2  
  138  11:15  Overlord x5, Spore Crawler  
  138  11:16  Spore Crawler  
  138  11:17  Spore Crawler  
  129  11:22  Spore Crawler  
  129  11:23  Spore Crawler  
  129  11:24  Spore Crawler  
  126  11:30  Mutalisk x7  
  126  11:31  Mutalisk x2  
  146  11:42  Hatchery  
  139  11:49  Mutalisk x5  
  139  11:50  Mutalisk x5  
  159  12:00  Spore Crawler  
  158  12:01  Spore Crawler  
  158  12:02  Spore Crawler  
  156  12:11  Zerg Flyer Weapons Level 1, Zerg Flyer Armor Level 1  
  156  12:12  Zerg Missile Weapons Level 2, Zerg Melee Weapons Level 2  
  156  12:13  Zerg Ground Armor Level 2  
  156  12:18  Corruptor x6, Hydralisk Den  
  156  12:19  Corruptor  
  169  12:57  Muscular Augments  
  169  12:58  Infestation Pit  
  168  13:08  Extractor  
  168  13:11  Extractor  
  163  13:18  Drone  
  163  13:19  Drone x14  
  178  13:39  Mutalisk x4  
  178  13:40  Mutalisk x7  
  200  13:45  Overseer x6  
  200  13:53  Overseer  
  200  14:21  Spore Crawler  
  199  14:48  Burrow  
  197  15:25  Hive  
  197  15:27  Lair  
  193  16:40  Nydus Network  
  193  16:43  Hatchery  
  191  16:47  Hatchery  
  191  16:49  Hatchery  
  187  17:12  Spore Crawler  
  187  17:13  Spore Crawler  
  185  17:17  Spore Crawler, Zerg Flyer Armor Level 2, Zerg Flyer Weapons Level 2  
  185  17:19  Zerg Ground Armor Level 3, Spore Crawler, Zerg Melee Weapons Level 3, Zerg Missile Weapons Level 3  
  183  17:23  Mutalisk x6  
  183  17:24  Mutalisk x2  
  183  18:08  Corruptor  
  183  18:09  Corruptor x19  
  183  18:10  Corruptor x4  
  183  18:11  Corruptor  
  157  18:27  Mutalisk  
  157  18:28  Mutalisk x19  
  157  18:29  Mutalisk x3  
  199  18:45  Spawning Pool  
  197  18:57  Mutalisk  
  199  20:15  Nydus Canal  
  199  21:03  Baneling Nest  
  198  21:04  Spawning Pool  
  191  21:49  Zerg Flyer Weapons Level 3, Zerg Flyer Armor Level 3  
  191  21:54  Mutalisk x4  
  199  22:22  Hatchery  
  198  22:41  Ultralisk Cavern  
  197  22:48  Extractor  
  196  22:55  Hatchery  
  196  22:58  Extractor  
  194  23:00  Extractor  
  191  23:29  Extractor  
  190  23:51  Mutalisk x4  
  190  23:52  Mutalisk  
  200  23:57  Hatchery  
  200  24:02  Hatchery  
  198  24:03  Extractor  
  198  24:05  Extractor  
  196  24:40  Greater Spire  
  196  24:46  Chitinous Plating  
  196  26:55  Viper  
  196  26:56  Viper  
  174  27:09  Mutalisk  
  174  27:10  Mutalisk x16  
  174  27:11  Mutalisk x3  
  156  27:58  Extractor  
  156  28:00  Extractor  
  154  28:05  Drone  
  154  28:06  Drone x2  
  157  28:27  Extractor  
  156  28:28  Hatchery  
  156  28:30  Extractor  
  152  29:32  Brood Lord  
  152  29:33  Brood Lord x8  
  152  29:34  Brood Lord x4  
  178  29:46  Zergling x2  
  178  29:47  Zergling x20  
  178  29:48  Ultralisk  
  186  30:17  Baneling x4  
  186  30:18  Baneling x3  
  186  30:19  Baneling x4  
  186  30:20  Baneling  
  186  30:21  Ultralisk x2  
  187  31:23  Ultralisk x2  
  189  31:40  Mutalisk  
  189  31:41  Mutalisk x6  
  189  31:49  Hatchery  
  189  31:51  Hatchery  
  180  31:58  Mutalisk  
  180  31:59  Mutalisk x9  
  180  32:00  Extractor  
  199  32:03  Extractor  
  190  32:32  Mutalisk  
  190  32:33  Mutalisk x4  
  158  33:05  Hydralisk Den  
  137  33:07  Spire  
  137  33:11  Spire  
  107  33:42  Zergling x36  
  107  33:43  Zergling x56  
  107  33:44  Zergling x70  
  107  33:45  Zergling x8  
  180  34:01  Zergling x2  
  180  34:02  Zergling x38  
  171  34:14  Baneling x20  
  171  34:15  Baneling x10  
  148  34:36  Viper x3  
  148  34:37  Viper x6  
  169  34:54  Hydralisk x2  
  169  34:55  Hydralisk x14  
  169  34:57  Viper  
  111  36:10  Corruptor x7  
  123  36:12  Hydralisk  
  123  36:13  Hydralisk x31  
  187  36:25  Zergling x2  
  187  36:26  Zergling x20  
  196  36:40  Infestation Pit  
  183  37:06  Drone x6  
  181  37:11  Hydralisk x4  
  181  37:12  Hydralisk x8  
  181  37:13  Hydralisk x2  
  194  37:23  Extractor  
  193  37:46  Lair x2  
  193  37:48  Zergling x2  
  193  37:49  Zergling x12  
  195  38:06  Zergling x10  
  200  38:28  Baneling x2  
  199  38:51  Baneling x5  
  199  38:52  Baneling x6  
  199  38:53  Baneling  
  170  39:43  Hydralisk x2  
  170  39:44  Hydralisk x12  
  198  40:05  Hatchery  
  176  41:09  Mutalisk x3  
  176  41:10  Mutalisk x8  
  198  41:24  Spawning Pool  
  197  41:32  Spawning Pool  
  121  42:11  Hydralisk  
  121  42:12  Hydralisk x20  
  121  42:13  Hatchery  
  94  42:32  Spire, Hydralisk Den  
  94  42:33  Zergling x20  
  94  42:48  Hydralisk  
  94  42:49  Hydralisk x12  
  118  42:59  Baneling Nest  
  118  43:04  Hydralisk x8  
  118  43:05  Hydralisk x2  
  129  43:09  Hatchery  
  129  43:11  Hatchery  
  129  43:12  Hatchery  
  122  43:14  Hatchery  
  77  43:36  Hydralisk x19  
  77  43:37  Hydralisk x3  
  119  43:42  Extractor  
  107  43:55  Hydralisk x6  
  103  44:00  Baneling x2  
  103  44:01  Baneling x11  
  103  44:17  Hydralisk  
  103  44:18  Hydralisk x7  
  119  44:45  Hydralisk x3  
  125  45:15  Hydralisk x3  
  97  45:48  Hydralisk x3  
  103  46:15  Hydralisk x2  
  103  46:16  Hydralisk  
  94  48:09  Drone x6  
  88  50:43  Drone x2  
  70  54:46  Extractor  
  70  54:50  Extractor  
  70  54:51  Extractor  
  67  55:23  Extractor  
  58  71:37  Extractor  
Show
View Real Time Build Order
Export as new Build Order

Cyb Zerg 

Build Orders: Pool First 

Get SALT Encoding   

  12  0:19  Spawning Pool  
  11  0:23  Drone  
  12  0:34  Overlord, Extractor  
  11  1:07  Queen  
  11  1:08  Zergling x6  
  16  1:20  Zergling x2  
  17  1:32  Zergling x2  
  18  1:54  Zergling x2  
  18  1:58  Zergling x2  
  19  2:04  Queen  
  20  2:17  Zergling x4  
  20  2:21  Metabolic Boost  
  22  2:29  Overlord  
  22  2:55  Hatchery  
  21  3:01  Drone  
  21  3:02  Drone x2  
  24  3:15  Drone  
  24  3:16  Drone  
  24  3:18  Drone  
  27  3:38  Drone x2, Roach Warren  
  28  3:50  Drone  
  28  3:51  Drone  
  28  3:55  Overlord  
  30  4:05  Spore Crawler  
  29  4:15  Drone  
  29  4:16  Drone x2  
  32  4:23  Roach  
  32  4:24  Roach  
  36  4:47  Drone x3  
  36  4:50  Drone x5  
  44  4:57  Overlord  
  44  5:08  Extractor  
  43  5:17  Ravager x2  
  43  5:20  Roach  
  43  5:21  Roach x2  
  51  5:35  Drone  
  51  6:16  Spore Crawler  
  51  6:17  Extractor x2  
  48  6:26  Drone x3  
  48  6:30  Lair  
  51  6:34  Hatchery  
  51  6:36  Evolution Chamber  
  51  6:38  Evolution Chamber  
  48  6:40  Hatchery, Burrow  
  48  6:43  Drone  
  48  6:46  Drone  
  49  6:47  Drone x2  
  49  6:49  Overlord  
  49  6:50  Overlord  
  45  7:02  Roach x4  
  50  7:22  Roach, Zergling x2  
  48  7:23  Zergling x8  
  48  7:28  Roach  
  27  7:45  Drone  
  28  8:04  Drone  
  29  8:18  Drone  
  30  8:27  Drone  
  31  8:34  Drone  
  32  8:44  Drone  
  32  8:45  Drone  
  34  9:06  Drone x4  
  34  9:08  Drone  
  39  9:21  Drone x3  
  42  9:24  Drone  
  42  9:28  Drone  
  42  9:29  Drone  
  45  9:37  Drone x2  
  47  9:38  Drone  
  48  9:56  Drone x7  
  48  9:58  Drone  
  48  9:59  Drone  
  57  10:18  Drone x7  
  64  10:28  Spore Crawler  
  63  10:36  Overlord, Ravager  
  63  10:37  Overlord  
  63  10:39  Overlord  
  64  10:49  Spore Crawler  
  63  10:54  Queen x2  
  67  10:57  Drone x7  
  67  10:58  Drone x3  
  67  10:59  Drone  
  78  11:07  Roach  
  78  11:08  Roach x2  
  84  11:17  Spore Crawler  
  83  11:22  Spore Crawler  
  81  11:26  Roach  
  81  11:27  Roach x2  
  81  11:28  Ravager  
  81  11:31  Overlord  
  81  11:32  Overlord x2  
  82  11:51  Roach x5  
  87  12:00  Overlord x2  
  87  12:03  Drone x8  
  87  12:19  Hatchery  
  86  12:35  Hydralisk Den  
  85  12:58  Hatchery  
  85  12:59  Extractor  
  85  13:00  Extractor  
  82  13:11  Glial Reconstitution  
  82  13:22  Hydralisk x3  
Show
View Real Time Build Order
Export as new Build Order

Frank Protoss 

Build Orders: 1 Gate Expand 

Get SALT Encoding   

  12  0:02  Probe (Chrono Boost)  
  13  0:17  Pylon  
  13  0:37  Gateway  
  13  1:14  Nexus  
  13  1:17  Probe (Chrono Boost)  
  14  1:25  Zealot  
  16  1:35  Pylon  
  3  2:47  Probe (Chrono Boost)  
  2  3:05  Probe (Chrono Boost)  
  3  3:16  Probe (Chrono Boost)  
  4  3:26  Probe (Chrono Boost)  
  5  3:29  Pylon  
  5  3:37  Probe (Chrono Boost)  
  6  3:51  Probe (Chrono Boost)  
  7  4:02  Probe (Chrono Boost)  
  8  4:18  Probe (Chrono Boost)  
  9  4:35  Gateway  
  9  4:44  Assimilator  
  9  4:52  Probe (Chrono Boost)  
  9  5:13  Forge  
  9  5:26  Probe (Chrono Boost)  
  10  5:36  Probe (Chrono Boost)  
  11  5:47  Probe (Chrono Boost)  
Show
View Real Time Build Order
Export as new Build Order

Snaut Protoss 

Build Orders:  

Get SALT Encoding   

  12  0:02  Probe (Chrono Boost)  
  13  0:12  Probe (Chrono Boost)  
  14  0:21  Pylon  
  14  0:25  Probe (Chrono Boost)  
  15  0:32  Assimilator  
  15  0:43  Gateway  
  15  0:49  Probe (Chrono Boost)  
  15  1:00  Probe (Chrono Boost)  
  16  1:06  Gateway  
  16  1:13  Assimilator  
  16  1:23  Pylon  
  16  1:25  Probe (Chrono Boost)  
  17  1:40  Cybernetics Core  
  17  1:42  Probe (Chrono Boost)  
  18  2:00  Probe (Chrono Boost), Gateway  
  19  2:10  Probe (Chrono Boost)  
  20  2:16  Adept  
  20  2:20  Adept  
  24  2:26  Probe (Chrono Boost)  
  24  2:38  Mothership Core (Chrono Boost)  
  26  2:48  Adept  
  28  3:18  Pylon  
  24  3:25  Pylon  
  24  3:34  Pylon  
  26  3:49  Gateway  
  24  4:10  Nexus  
  24  4:13  Gateway  
Tags
 
Add a new tag
Caveats
  • Supply blocks, unpowered buildings, or Contaminate may cause inaccurate times.
  • Supply counts are checked every 10 seconds.